 Dungeon Sprint DCSS version 0.31-a0-37-g98a128e1d9 (webtiles) character file.

Game seed: 11007656844027638487

132 sircluck the Ruffian (level 4, -5/75 HPs)
             Began as a Troll Berserker on May 15, 2023.
             Was a Follower of Trog.
             Killed from afar by a molten gargoyle (9 damage)
             ... with a bolt of magma
             ... while petrified by a basilisk
             ... in the Dungeon (Sprint VII: "The Pits").
             The game lasted 00:00:10 (23 turns).

sircluck the Ruffian (Troll Berserker)                Turns: 23, Time: 00:00:11

Health: -5/75      AC:  4    Str: 27    XL:     4   Next: 92%
Magic:  3/3        EV:  1    Int:  3    God:    Trog [*.....]
Gold:   0          SH:  0    Dex:  9    Spells: 3/3 levels left

rFire   . .          .
                       - Unarmed
rCold   . . .        (no shield)
rNeg    + + +        a - +0 animal skin
rPois   ∞            (helmet restricted)
rElec   .            (no cloak)
rCorr   .            (gloves unavailable)
SInv    .            (boots unavailable)
Will    .....        (no amulet) Stlth
                     (no ring)
HPRegen 1.12/turn    (no ring)
MPRegen 0.08/turn

%: no teleportation
@: berserking (expiring), petrified
A: large, unfitting armour, claws 3, regeneration 1, shaggy fur 1, tough skin 1
a: Renounce Religion, Berserk


You were in the Dungeon.
You worshipped Trog.
Trog was aware of your devotion.
You visited 1 branch

Inventory:

Armour
 a - a +0 animal skin (worn)
Scrolls
 g - a scroll of blinking
Potions
 b - a potion of curing
 c - a potion of heal wounds
 d - a potion of haste
 e - 2 potions of magic
 f - a potion of berserk rage


   Skills:
 + Level 5.3 Fighting
 + Level 5.2 Dodging
 + Level 6.5 Unarmed Combat


You had 3 spell levels left.
You didn't know any spells.
Your spell library was empty.

Dungeon Overview and Level Annotations

Branches:
Dungeon (1/1)

Altars:


Innate Abilities, Weirdness & Mutations

You are too large for most types of armour.
You have claws for hands.
Your natural rate of healing is unusually fast.
You are covered in fur. (AC +1)
You have tough skin. (AC +1)


Message History

a +0 flail; a gnoll corpse The gnoll bouda barely misses you.
You barely miss the basilisk. The gnoll barely misses you.
You mangle the basilisk!!
The basilisk is severely wounded.
The basilisk gazes at you.
You are slowing down.
You claw the basilisk!
You kill the basilisk!
Trog accepts your kill.
The gnoll hits you from afar with a +0 spear!
The gnoll bouda hits you with a +0 club.
The gnoll hits you with a +0 flail.
Your limbs are stiffening.
Your Fighting skill gained 2 levels and is now at level 5!
Your Dodging skill gained 2 levels and is now at level 5!
Your Unarmed Combat skill gained 3 levels and is now at level 6!
You have reached level 3!
Your experience leads to an increase in your attributes!
Increase (S)trength, (I)ntelligence, or (D)exterity?
You feel stronger. x3
You have reached level 4!
Unknown command.
You completely miss the gnoll bouda.
The gnoll hits you from afar with a +0 spear!
The gnoll bouda hits you with a +0 club!
The molten gargoyle blasts magma at you!
The bolt of magma hits you!!! The gnoll hits you but does no damage.
Unknown command.
The gnoll closely misses you.
The gnoll bouda hits you with a +0 club!
* * * LOW HITPOINT WARNING * * *
The molten gargoyle hits you with a +0 mace!
* * * LOW HITPOINT WARNING * * *
You are engulfed in flames!
* * * LOW HITPOINT WARNING * * *
The gnoll barely misses you.
You have turned to stone.
The gnoll hits you with a +0 spear.
The molten gargoyle blasts magma at you!
The bolt of magma hits you!!
You die...

#................+
+................+
#......#..#......#
#................#
####'#####''######
#.......##''#
#.......##).#
#.......##.g#
#...<...##@g#
#.......##9g#
#.......##..#
#.......##...
##########....
#...## #..## #..#


You could see a molten gargoyle, a gnoll bouda and 2 gnolls.

Vanquished Creatures
  A basilisk (D)
  A gnoll (D)
2 creatures vanquished.

Notes
Turn   | Place    | Note
-------+----------+-------------------------------------------
     0 | D        | sircluck the Troll Berserker began the quest for the Orb.
     0 | D        | Reached XP level 1. HP: 22/22 MP: 0/0
    12 | D        | Noticed a gnoll bouda
    13 | D        | Noticed a basilisk
    15 | D        | Reached XP level 2. HP: 31/31 MP: 1/1
    15 | D        | Noticed a molten gargoyle
    20 | D        | Killed a basilisk
    21 | D        | Reached skill level 5 in Fighting
    21 | D        | Reached skill level 5 in Dodging
    21 | D        | Reached skill level 6 in Unarmed Combat
    21 | D        | Reached XP level 3. HP: 42/42 MP: 2/2
    21 | D        | Reached XP level 4. HP: 50/50 MP: 3/3
    22 | D        | HP: 2/75 [molten gargoyle/+0 mace (8)]
    23 | D        | Killed from afar by a molten gargoyle

Illustrated notes

Levels and vault maps discovered:
D:        pitsprint [storerooms_1, entrance_room_1, metal_vault_3, armoury_2,
          mini_pit_1, grid_room_1, main_hall_1, silver_pit, the_coven_1,
          the_vestibule_1, steel_vault_1, golden_pit, hallway_of_sentries,
          crystal_vault_4, iron_vault_3, final_vault]

Skill      XL: |  1  2 |
---------------+-------+-----
Fighting       | 3 5 |  5.3
Dodging        | 3 5 |  5.2
Unarmed Combat | 6 |  6.5

Action                     |  1- 3 |  4- 6 || total
---------------------------+-------+-------++-------
  Melee: Unarmed           |     4 |     1 ||     5
 Invoke: Berserk           |     1 |       ||     1
 Armour: Animal skin       |       |     1 ||     1
  Dodge: Dodged            |     2 |     2 ||     4

Table legend: (Time is in decaauts)
 A = Elapsed time spent in this place.
 B = Non-inter-level travel time spent in this place.
 C = Inter-level travel time spent in this place.
 D = Time resting spent in this place.
 E = Time spent auto-exploring this place.
 F = Levels seen in this place.
 G = Mean time per level.
                   A        B        C        D        E       F      G
               +--------+--------+--------+--------+--------+-----+--------+
         Total |     21 |     21 |      0 |      0 |     11 |   1 |   21.0 |
       Dungeon |     21 |     21 |      0 |      0 |     11 |   1 |   21.0 |
               +--------+--------+--------+--------+--------+-----+--------+

Top non-repeatable levels by time:
       D: 21 daAuts
